[ AOE2 MATCH · #481663256 ]
Team RMPoles vs Persians
[ REPLAY ANALYSIS · EXTRACTED FROM THE RECORDED GAME ]
Feudal
9:59
Castle
16:34
Imperial
34:06
| APM avg | 22.9 |
| APM peak | 147 |
| eAPM avg | 18.9 |
| Villagers / military | 166 / 2793 |
Focus
⚔️ 66.3% · 🌾 33.7%
Scout Cavalry ×1593 · Knight ×1198 · Trade Cart ×22 · Monk ×2
Feudal
12:10
Castle
25:04
Imperial
38:38
| APM avg | 21.3 |
| APM peak | 63 |
| eAPM avg | 10.9 |
| Villagers / military | 111 / 232 |
Focus
⚔️ 38.8% · 🌾 61.2%
Scout Cavalry ×116 · Knight ×93 · War Elephant ×18 · Trade Cart ×13 · Trebuchet (Packed) ×5
Feudal
12:17
Castle
17:09
Imperial
33:23
| APM avg | 25.0 |
| APM peak | 58 |
| eAPM avg | 15.9 |
| Villagers / military | 193 / 797 |
Focus
⚔️ 35.1% · 🌾 64.9%
Militia ×688 · Boyar ×57 · Scorpion ×25 · Trebuchet (Packed) ×17 · Trade Cart ×15 · Spearman ×5
Feudal
12:59
Castle
22:06
Imperial
38:15
| APM avg | 24.8 |
| APM peak | 67 |
| eAPM avg | 10.0 |
| Villagers / military | 160 / 375 |
Focus
⚔️ 32.0% · 🌾 68.0%
Ballista Elephant ×365 · Trade Cart ×42 · Trebuchet (Packed) ×10
Feudal
11:30
Castle
19:49
Imperial
35:07
| APM avg | 24.1 |
| APM peak | 81 |
| eAPM avg | 18.6 |
| Villagers / military | 120 / 826 |
Focus
⚔️ 65.3% · 🌾 34.7%
Scout Cavalry ×687 · Janissary ×118 · Bombard Cannon ×21 · Trade Cart ×7
Feudal
13:16
Castle
19:56
Imperial
34:58
| APM avg | 33.4 |
| APM peak | 107 |
| eAPM avg | 12.9 |
| Villagers / military | 121 / 742 |
Focus
⚔️ 33.9% · 🌾 66.1%
Spearman ×477 · Hussite Wagon ×262 · Trade Cart ×13 · Monk ×3
Feudal
11:16
Castle
19:16
Imperial
33:57
| APM avg | 9.8 |
| APM peak | 26 |
| eAPM avg | 8.3 |
| Villagers / military | 113 / 305 |
Focus
⚔️ 36.0% · 🌾 64.0%
Militia ×112 · Unknown (882) ×85 · Mangonel ×59 · Scout Cavalry ×50 · Trade Cart ×42 · Knight ×28
Feudal
13:06
Castle
17:01
Imperial
30:45
| APM avg | 25.7 |
| APM peak | 72 |
| eAPM avg | 16.2 |
| Villagers / military | 138 / 1014 |
Focus
⚔️ 35.6% · 🌾 64.4%
Obuch ×1005 · Trade Cart ×46 · Trebuchet (Packed) ×7 · Monk ×2
Match map
Initial resources + every placement click. Lines = walls · curves = elevation contours. ◆ gold · ⬟ stone · ● berries · ✦ relic · ◌ wall gap
Your base· Open — unwalled flank
Pu_Wexa's base· Open — unwalled flank
jstep's base· Open — unwalled flank
Adorable Healer's base· Open — unwalled flank
siarrez's base· Open — unwalled flank
UMADBRO?'s base· Open — unwalled flank
timon1989-89's base· Open — unwalled flank
eaJ's base· Open — 11t gap
Smoothed initial terrain · ◌ = detected wall gap · hover for details
Inputs per minute
— TurkishKarpet - - Pu_Wexa
Build order — TurkishKarpet
First 150 of 1125 actions detected
| 0:08 | Build | House |
| 0:10 | Create | Villager (Male) |
| 0:10 | Create | Villager (Male) |
| 0:10 | Create | Villager (Male) |
| 0:14 | Build | House |
| 1:59 | Create | Villager (Male) |
| 2:02 | Create | Villager (Male) |
| 2:02 | Create | Villager (Male) |
| 2:02 | Create | Villager (Male) |
| 2:36 | Build | Lumber Camp |
| 2:42 | Create | Villager (Male) |
| 2:43 | Create | Villager (Male) |
| 2:43 | Create | Villager (Male) |
| 3:33 | Create | Villager (Male) |
| 3:33 | Create | Villager (Male) |
| 4:13 | Build | House |
| 4:28 | Create | Villager (Male) |
| 4:47 | Create | Villager (Male) |
| 4:47 | Create | Villager (Male) |
| 4:57 | Build | Mill |
| 5:06 | Build | House |
| 5:14 | Create | Villager (Male) |
| 5:14 | Create | Villager (Male) |
| 6:03 | Create | Villager (Male) |
| 6:22 | Create | Villager (Male) |
| 6:22 | Create | Villager (Male) |
| 7:00 | Create | Villager (Male) |
| 7:00 | Create | Villager (Male) |
| 7:07 | Research | Loom |
| 7:46 | Research | Feudal Age |
| 8:27 | Create | Villager (Male) |
| 8:27 | Create | Villager (Male) |
| 9:20 | Build | Mining Camp |
| 9:23 | Create | Villager (Male) |
| 9:59 | Age | Feudal Age |
| 10:06 | Build | Market |
| 10:17 | Build | Blacksmith |
| 10:20 | Build | House |
| 10:32 | Research | Double-Bit Axe |
| 11:11 | Create | Villager (Male) |
| 11:22 | Build | Farm |
| 11:37 | Create | Villager (Male) |
| 11:56 | Build | Farm |
| 12:03 | Create | Villager (Male) |
| 12:21 | Build | Farm |
| 12:34 | Build | Farm |
| 12:46 | Build | Farm |
| 12:54 | Build | Farm |
| 13:11 | Build | Farm |
| 13:18 | Create | Villager (Male) |
| 13:21 | Build | Farm |
| 13:43 | Build | Farm |
| 13:54 | Research | Castle Age |
| 14:05 | Build | Mining Camp |
| 15:21 | Create | Villager (Male) |
| 15:29 | Research | Horse Collar |
| 16:34 | Age | Castle Age |
| 16:55 | Build | Town Center |
| 16:59 | Create | Villager (Male) |
| 17:13 | Build | Town Center |
| 17:20 | Create | Villager (Male) |
| 17:28 | Research | Bow Saw |
| 17:41 | Create | Villager (Male) |
| 17:41 | Create | Villager (Male) |
| 18:19 | Create | Villager (Male) |
| 18:24 | Create | Villager (Male) |
| 18:25 | Create | Villager (Male) |
| 18:42 | Create | Villager (Male) |
| 18:51 | Build | House |
| 18:53 | Build | House |
| 18:54 | Build | House |
| 18:58 | Build | House |
| 18:59 | Create | Villager (Male) ×5 |
| 18:59 | Create | Villager (Male) ×5 |
| 19:18 | Build | Farm |
| 19:32 | Research | Heavy Plow |
| 20:04 | Create | Villager (Male) |
| 20:04 | Create | Villager (Male) |
| 20:10 | Create | Villager (Male) |
| 20:28 | Build | Monastery |
| 20:41 | Create | Villager (Male) ×3 |
| 20:46 | Build | Town Center |
| 21:07 | Build | Mill |
| 21:09 | Build | Farm |
| 21:14 | Create | Villager (Male) ×3 |
| 21:17 | Create | Monk |
| 21:26 | Build | Farm |
| 21:32 | Create | Villager (Male) |
| 21:52 | Build | Farm |
| 21:53 | Build | Farm |
| 21:59 | Build | Farm |
| 22:07 | Create | Villager (Male) ×5 |
| 22:23 | Build | Farm |
| 22:26 | Create | Villager (Male) ×3 |
| 22:36 | Create | Villager (Male) |
| 22:37 | Create | Villager (Male) |
| 23:16 | Create | Villager (Male) ×5 |
| 23:20 | Build | House |
| 23:21 | Build | House |
| 23:23 | Build | House |
| 23:24 | Build | House |
| 23:25 | Build | House |
| 23:27 | Build | House |
| 23:29 | Create | Villager (Male) ×2 |
| 23:42 | Build | Farm |
| 23:42 | Build | Farm |
| 23:42 | Build | Farm |
| 23:42 | Build | Farm |
| 23:43 | Build | Farm |
| 23:43 | Build | Farm |
| 23:51 | Create | Villager (Male) ×2 |
| 23:57 | Build | Farm |
| 23:57 | Build | Farm |
| 23:57 | Build | Farm |
| 24:02 | Build | Farm |
| 24:03 | Create | Villager (Male) |
| 24:09 | Create | Villager (Male) ×2 |
| 24:19 | Build | Farm |
| 24:20 | Create | Villager (Male) ×3 |
| 24:20 | Create | Villager (Male) ×3 |
| 24:40 | Build | Stone Wall |
| 24:46 | Build | Stone Wall |
| 24:54 | Create | Villager (Male) ×5 |
| 25:00 | Build | Farm |
| 25:00 | Build | Farm |
| 25:11 | Build | Mill |
| 25:20 | Build | Farm |
| 25:20 | Build | Farm |
| 25:20 | Build | Farm |
| 25:20 | Build | Farm |
| 25:21 | Build | Farm |
| 25:21 | Build | Farm |
| 25:21 | Build | Farm |
| 25:21 | Build | Farm |
| 25:26 | Create | Villager (Male) ×5 |
| 25:36 | Build | House |
| 25:37 | Build | House |
| 25:38 | Build | House |
| 25:39 | Build | House |
| 25:40 | Build | House |
| 25:41 | Build | House |
| 25:42 | Build | House |
| 25:43 | Build | House |
| 25:45 | Create | Villager (Male) ×5 |
| 26:05 | Create | Villager (Male) ×5 |
| 26:23 | Create | Villager (Male) |
| 26:29 | Build | House |
| 26:30 | Build | House |
| 26:31 | Build | House |
| 26:32 | Build | House |
Build order — Pu_Wexa
First 150 of 576 actions detected
| 0:21 | Build | House |
| 0:22 | Build | House |
| 0:25 | Build | House |
| 0:31 | Create | Villager (Male) |
| 0:32 | Create | Villager (Male) |
| 0:32 | Create | Villager (Male) |
| 0:32 | Create | Villager (Male) |
| 0:32 | Create | Villager (Male) |
| 0:33 | Create | Villager (Male) |
| 2:49 | Create | Villager (Male) |
| 2:49 | Create | Villager (Male) |
| 2:50 | Create | Villager (Male) |
| 5:21 | Create | Villager (Male) |
| 5:22 | Create | Villager (Male) |
| 5:22 | Create | Villager (Male) |
| 5:22 | Create | Villager (Male) |
| 5:23 | Create | Villager (Male) |
| 5:23 | Create | Villager (Male) |
| 5:28 | Create | Villager (Male) |
| 5:29 | Create | Villager (Male) |
| 5:29 | Create | Villager (Male) |
| 8:10 | Create | Villager (Male) |
| 8:50 | Build | Mill |
| 9:22 | Build | Lumber Camp |
| 9:54 | Build | Mill |
| 10:06 | Research | Feudal Age |
| 10:55 | Build | House |
| 10:57 | Build | House |
| 10:59 | Build | House |
| 11:43 | Build | Mining Camp |
| 12:01 | Create | Villager (Male) |
| 12:01 | Create | Villager (Male) |
| 12:01 | Create | Villager (Male) |
| 12:02 | Create | Villager (Male) |
| 12:02 | Create | Villager (Male) |
| 12:02 | Create | Villager (Male) |
| 12:02 | Create | Villager (Male) |
| 12:03 | Create | Villager (Male) |
| 12:10 | Age | Feudal Age |
| 12:26 | Build | Mining Camp |
| 14:19 | Build | Stone Wall |
| 14:43 | Build | Stone Wall |
| 15:16 | Build | Gate |
| 15:37 | Build | Stone Wall |
| 16:10 | Build | Farm |
| 16:11 | Build | Farm |
| 16:13 | Build | Farm |
| 16:14 | Build | Farm |
| 16:16 | Build | Farm |
| 16:18 | Build | Farm |
| 16:22 | Build | Farm |
| 16:24 | Build | Farm |
| 16:27 | Create | Villager (Male) |
| 16:27 | Create | Villager (Male) |
| 16:28 | Create | Villager (Male) |
| 16:28 | Create | Villager (Male) |
| 16:28 | Create | Villager (Male) |
| 16:28 | Create | Villager (Male) |
| 16:29 | Create | Villager (Male) |
| 16:29 | Create | Villager (Male) |
| 16:30 | Create | Villager (Male) |
| 16:30 | Create | Villager (Male) |
| 18:20 | Build | House |
| 18:59 | Build | House |
| 19:01 | Build | House |
| 19:02 | Build | House |
| 19:08 | Build | House |
| 19:11 | Build | House |
| 20:08 | Build | Market |
| 20:54 | Build | Barracks |
| 21:32 | Build | Blacksmith |
| 22:09 | Build | House |
| 22:11 | Build | House |
| 22:13 | Build | House |
| 22:17 | Build | House |
| 22:19 | Build | House |
| 22:21 | Build | House |
| 22:39 | Research | Castle Age |
| 22:59 | Build | Lumber Camp |
| 23:12 | Build | Stable |
| 23:14 | Build | Stable |
| 23:16 | Build | Stable |
| 23:19 | Build | Stable |
| 23:50 | Research | Horse Collar |
| 23:53 | Research | Double-Bit Axe |
| 24:00 | Research | Gold Mining |
| 24:00 | Research | Stone Mining |
| 24:16 | Create | Villager (Male) |
| 24:16 | Create | Villager (Male) |
| 24:17 | Create | Villager (Male) |
| 24:17 | Create | Villager (Male) |
| 24:17 | Create | Villager (Male) |
| 24:17 | Create | Villager (Male) |
| 24:18 | Create | Villager (Male) |
| 24:50 | Build | House |
| 24:52 | Build | House |
| 24:54 | Build | House |
| 24:56 | Build | House |
| 24:58 | Build | House |
| 25:00 | Build | House |
| 25:02 | Build | House |
| 25:04 | Age | Castle Age |
| 25:04 | Build | House |
| 26:03 | Build | Town Center |
| 26:16 | Research | Bow Saw |
| 26:23 | Research | Heavy Plow |
| 27:09 | Build | Mining Camp |
| 27:46 | Research | Gold Shaft Mining |
| 27:48 | Research | Stone Shaft Mining |
| 28:01 | Create | Villager (Male) |
| 28:01 | Create | Villager (Male) |
| 28:02 | Create | Villager (Male) |
| 28:17 | Build | Farm |
| 28:19 | Build | Farm |
| 28:20 | Build | Farm |
| 28:22 | Build | Farm |
| 28:35 | Build | Farm |
| 29:23 | Build | Castle |
| 30:09 | Create | Villager (Male) |
| 30:09 | Create | Villager (Male) |
| 30:10 | Create | Villager (Male) |
| 30:10 | Create | Villager (Male) |
| 30:10 | Create | Villager (Male) |
| 30:31 | Create | Villager (Male) |
| 30:32 | Create | Villager (Male) |
| 30:32 | Create | Villager (Male) |
| 30:32 | Create | Villager (Male) |
| 30:33 | Create | Villager (Male) |
| 30:33 | Create | Villager (Male) |
| 30:33 | Create | Villager (Male) |
| 30:40 | Build | Farm |
| 30:42 | Build | Farm |
| 30:44 | Build | Farm |
| 30:47 | Build | Farm |
| 30:51 | Build | Farm |
| 30:56 | Build | Farm |
| 31:03 | Create | Villager (Male) |
| 31:03 | Create | Villager (Male) |
| 31:03 | Create | Villager (Male) |
| 31:40 | Build | Farm |
| 31:51 | Build | Farm |
| 32:03 | Build | Farm |
| 32:31 | Build | Castle |
| 32:55 | Build | Mining Camp |
| 33:13 | Build | Mining Camp |
| 35:00 | Research | Husbandry |
| 35:00 | Research | Bloodlines |
| 35:23 | Build | Farm |
| 35:36 | Build | Farm |
| 35:52 | Research | Imperial Age |
Build order — jstep
First 150 of 546 actions detected
| 0:05 | Create | Villager (Male) |
| 0:05 | Create | Villager (Male) |
| 0:05 | Create | Villager (Male) |
| 0:06 | Create | Villager (Male) |
| 0:08 | Build | House |
| 0:10 | Build | House |
| 0:11 | Build | House |
| 1:21 | Research | Loom |
| 1:45 | Create | Villager (Male) |
| 2:19 | Create | Villager (Male) |
| 2:19 | Create | Villager (Male) |
| 2:19 | Create | Villager (Male) |
| 2:20 | Create | Villager (Male) |
| 3:08 | Create | Villager (Male) |
| 3:09 | Create | Villager (Male) |
| 3:09 | Create | Villager (Male) |
| 3:15 | Build | Lumber Camp |
| 4:02 | Create | Villager (Male) |
| 4:02 | Create | Villager (Male) |
| 4:02 | Create | Villager (Male) |
| 4:49 | Create | Villager (Male) |
| 5:00 | Build | Mining Camp |
| 5:08 | Create | Villager (Male) |
| 5:08 | Create | Villager (Male) |
| 5:08 | Create | Villager (Male) |
| 5:58 | Create | Villager (Male) |
| 5:58 | Create | Villager (Male) |
| 5:59 | Create | Villager (Male) |
| 6:06 | Build | Mining Camp |
| 6:30 | Create | Villager (Male) |
| 6:31 | Create | Villager (Male) |
| 7:22 | Build | House |
| 7:44 | Create | Villager (Male) |
| 7:48 | Build | House |
| 8:37 | Build | Mill |
| 8:54 | Create | Villager (Male) |
| 9:26 | Create | Villager (Male) |
| 10:01 | Research | Feudal Age |
| 11:14 | Build | Mill |
| 12:17 | Age | Feudal Age |
| 12:21 | Build | Market |
| 12:26 | Build | Blacksmith |
| 12:44 | Create | Villager (Male) |
| 12:51 | Research | Double-Bit Axe |
| 12:54 | Research | Horse Collar |
| 13:14 | Research | Wheelbarrow |
| 14:25 | Research | Castle Age |
| 14:34 | Research | Stone Mining |
| 15:39 | Build | Lumber Camp |
| 16:00 | Research | Gold Mining |
| 17:04 | Create | Villager (Male) |
| 17:04 | Create | Villager (Male) |
| 17:09 | Age | Castle Age |
| 17:19 | Build | Town Center |
| 17:48 | Build | Town Center |
| 17:55 | Create | Villager (Male) |
| 18:15 | Research | Town Watch |
| 18:27 | Create | Villager (Male) |
| 18:37 | Create | Villager (Male) |
| 18:43 | Create | Villager (Male) ×2 |
| 18:43 | Create | Villager (Male) ×2 |
| 18:49 | Build | Farm |
| 18:57 | Build | Farm |
| 19:08 | Build | Farm |
| 19:19 | Build | Farm |
| 19:21 | Build | Farm |
| 19:33 | Create | Villager (Male) |
| 19:33 | Create | Villager (Male) |
| 19:33 | Create | Villager (Male) |
| 19:42 | Build | Farm |
| 19:46 | Build | Farm |
| 19:52 | Build | Farm |
| 19:56 | Build | Farm |
| 20:02 | Build | Farm |
| 20:04 | Create | Villager (Male) |
| 20:04 | Create | Villager (Male) |
| 20:10 | Build | Farm |
| 20:20 | Build | Farm |
| 20:25 | Create | Villager (Male) |
| 20:25 | Create | Villager (Male) |
| 20:41 | Create | Villager (Male) ×2 |
| 20:41 | Create | Villager (Male) ×2 |
| 20:52 | Build | Farm |
| 21:02 | Build | Barracks |
| 21:07 | Create | Villager (Male) ×2 |
| 21:07 | Create | Villager (Male) ×2 |
| 21:16 | Build | Farm |
| 21:20 | Build | Farm |
| 21:24 | Build | Farm |
| 21:30 | Build | Farm |
| 21:37 | Create | Villager (Male) |
| 21:37 | Create | Villager (Male) |
| 21:37 | Create | Villager (Male) |
| 21:38 | Create | Villager (Male) |
| 21:41 | Build | Farm |
| 21:44 | Create | Villager (Male) |
| 21:45 | Create | Villager (Male) |
| 21:45 | Create | Villager (Male) |
| 22:08 | Build | Barracks |
| 22:17 | Build | Farm |
| 22:19 | Create | Villager (Male) |
| 22:19 | Create | Villager (Male) |
| 22:20 | Create | Villager (Male) |
| 22:20 | Create | Villager (Male) |
| 22:20 | Create | Villager (Male) |
| 22:29 | Build | House |
| 22:30 | Build | House |
| 22:31 | Build | House |
| 22:33 | Build | House |
| 22:34 | Build | House |
| 22:36 | Build | House |
| 22:38 | Build | House |
| 22:40 | Build | House |
| 22:47 | Create | Villager (Male) |
| 22:47 | Create | Villager (Male) |
| 22:48 | Create | Villager (Male) |
| 22:48 | Create | Villager (Male) |
| 22:52 | Build | Farm |
| 23:10 | Build | Mining Camp |
| 23:15 | Research | Gold Shaft Mining |
| 23:25 | Create | Villager (Male) ×2 |
| 23:25 | Create | Villager (Male) ×2 |
| 23:28 | Build | Farm |
| 23:32 | Create | Villager (Male) |
| 23:32 | Create | Villager (Male) |
| 23:48 | Build | Farm |
| 23:53 | Build | Farm |
| 23:56 | Create | Villager (Male) |
| 23:57 | Create | Villager (Male) |
| 23:57 | Create | Villager (Male) |
| 23:57 | Create | Villager (Male) |
| 23:57 | Create | Villager (Male) |
| 24:15 | Build | Monastery |
| 24:42 | Build | Barracks |
| 24:48 | Research | Hand Cart |
| 24:49 | Create | Villager (Male) ×4 |
| 25:02 | Research | Heavy Plow |
| 25:06 | Create | Monk |
| 25:18 | Build | Castle |
| 25:35 | Build | Town Center |
| 25:42 | Build | Mining Camp |
| 25:49 | Create | Monk |
| 25:55 | Create | Villager (Male) ×5 |
| 25:56 | Create | Villager (Male) ×5 |
| 26:10 | Build | Mining Camp |
| 26:41 | Build | Mining Camp |
| 26:51 | Create | Villager (Male) ×5 |
| 27:05 | Build | Mill |
| 27:07 | Build | Farm |
| 27:07 | Build | Farm |
Build order — Adorable Healer
First 150 of 342 actions detected
| 0:04 | Build | House |
| 0:06 | Build | House |
| 0:19 | Create | Villager (Male) |
| 0:20 | Create | Villager (Male) |
| 0:20 | Create | Villager (Male) |
| 1:36 | Create | Villager (Male) |
| 1:37 | Create | Villager (Male) |
| 1:47 | Create | Villager (Male) |
| 2:09 | Build | Lumber Camp |
| 3:27 | Create | Villager (Male) |
| 3:27 | Create | Villager (Male) |
| 3:27 | Create | Villager (Male) |
| 4:29 | Build | House |
| 4:33 | Build | House |
| 4:39 | Create | Villager (Male) |
| 4:39 | Create | Villager (Male) |
| 5:18 | Build | Mill |
| 5:42 | Create | Villager (Male) |
| 5:43 | Create | Villager (Male) |
| 5:55 | Build | House |
| 7:22 | Create | Villager (Male) |
| 7:22 | Create | Villager (Male) |
| 7:28 | Create | Villager (Male) |
| 7:48 | Create | Villager (Male) |
| 7:59 | Build | Mill |
| 8:06 | Create | Villager (Male) |
| 8:42 | Create | Villager (Male) |
| 9:37 | Create | Villager (Male) |
| 9:40 | Create | Villager (Male) |
| 9:54 | Build | House |
| 9:57 | Build | House |
| 9:59 | Build | House |
| 10:01 | Build | House |
| 10:49 | Research | Feudal Age |
| 11:47 | Build | Barracks |
| 12:28 | Build | Mining Camp |
| 12:34 | Create | Villager (Male) |
| 12:35 | Create | Villager (Male) |
| 12:35 | Create | Villager (Male) |
| 12:36 | Create | Villager (Male) |
| 12:59 | Age | Feudal Age |
| 13:14 | Build | Stone Wall |
| 13:44 | Build | Stone Wall |
| 13:48 | Build | Stone Wall |
| 13:59 | Create | Villager (Male) |
| 13:59 | Create | Villager (Male) |
| 14:07 | Build | Mining Camp |
| 14:35 | Build | Farm |
| 14:36 | Build | Farm |
| 14:36 | Build | Farm |
| 14:37 | Build | Farm |
| 14:48 | Create | Villager (Male) |
| 14:48 | Create | Villager (Male) |
| 14:59 | Build | Market |
| 15:08 | Build | Blacksmith |
| 15:27 | Research | Stone Mining |
| 15:31 | Research | Gold Mining |
| 15:37 | Research | Gold Mining |
| 15:39 | Research | Double-Bit Axe |
| 16:11 | Create | Villager (Male) |
| 16:12 | Create | Villager (Male) |
| 16:21 | Research | Horse Collar |
| 16:28 | Build | Farm |
| 16:29 | Build | Farm |
| 16:29 | Build | Farm |
| 16:30 | Build | Farm |
| 16:31 | Build | Farm |
| 16:37 | Build | Farm |
| 16:38 | Build | Farm |
| 16:47 | Build | Farm |
| 17:04 | Build | Farm |
| 18:12 | Create | Villager (Male) |
| 18:13 | Create | Villager (Male) |
| 18:20 | Build | Farm |
| 18:22 | Build | Farm |
| 18:43 | Build | Farm |
| 19:12 | Build | Farm |
| 19:12 | Build | Farm |
| 19:12 | Build | Farm |
| 19:13 | Build | Farm |
| 19:26 | Research | Castle Age |
| 19:45 | Build | Farm |
| 20:06 | Build | Farm |
| 20:22 | Build | Farm |
| 20:49 | Build | Farm |
| 22:06 | Age | Castle Age |
| 22:16 | Build | Castle |
| 22:41 | Build | Town Center |
| 22:56 | Create | Villager (Male) |
| 22:57 | Create | Villager (Male) |
| 22:57 | Create | Villager (Male) |
| 22:58 | Create | Villager (Male) |
| 22:59 | Create | Villager (Male) |
| 23:45 | Build | Lumber Camp |
| 23:49 | Research | Bow Saw |
| 24:30 | Build | Town Center |
| 25:08 | Create | Villager (Male) ×5 |
| 25:08 | Create | Villager (Male) ×5 |
| 25:09 | Create | Villager (Male) ×5 |
| 25:09 | Create | Villager (Male) ×5 |
| 25:09 | Create | Villager (Male) ×5 |
| 25:10 | Create | Villager (Male) ×5 |
| 25:36 | Build | Town Center |
| 25:51 | Build | Mining Camp |
| 26:28 | Build | Farm |
| 26:43 | Create | Villager (Male) ×5 |
| 26:43 | Create | Villager (Male) ×5 |
| 26:44 | Create | Villager (Male) ×5 |
| 26:44 | Create | Villager (Male) ×5 |
| 27:02 | Create | Villager (Male) ×5 |
| 27:03 | Create | Villager (Male) ×5 |
| 27:03 | Create | Villager (Male) ×5 |
| 27:03 | Create | Villager (Male) ×5 |
| 27:28 | Create | Villager (Male) ×5 |
| 27:28 | Create | Villager (Male) ×5 |
| 27:28 | Create | Villager (Male) ×5 |
| 27:57 | Research | Stone Shaft Mining |
| 27:58 | Research | Stone Shaft Mining |
| 28:09 | Build | Farm |
| 28:10 | Build | Farm |
| 28:10 | Build | Farm |
| 28:10 | Build | Farm |
| 28:11 | Build | Farm |
| 28:11 | Build | Farm |
| 28:13 | Build | Farm |
| 28:40 | Build | Farm |
| 28:41 | Build | Farm |
| 28:41 | Build | Farm |
| 28:41 | Build | Farm |
| 28:42 | Build | Farm |
| 28:47 | Build | Farm |
| 28:57 | Create | Villager (Male) ×5 |
| 28:57 | Create | Villager (Male) ×5 |
| 29:04 | Build | Farm |
| 29:04 | Build | Farm |
| 29:05 | Build | Farm |
| 29:27 | Create | Ballista Elephant ×2 |
| 29:39 | Build | Castle |
| 29:49 | Build | Mining Camp |
| 30:05 | Build | Mining Camp |
| 30:15 | Create | Villager (Male) ×5 |
| 30:16 | Create | Villager (Male) ×5 |
| 30:16 | Create | Villager (Male) ×5 |
| 30:16 | Create | Villager (Male) |
| 30:17 | Create | Villager (Male) |
| 30:51 | Build | Mining Camp |
| 31:33 | Build | Castle |
| 31:44 | Build | Market |
| 31:49 | Build | Market |
| 31:50 | Build | Market |
Build order — siarrez
First 150 of 1201 actions detected
| 0:07 | Build | House |
| 0:10 | Build | House |
| 0:14 | Create | Villager (Male) |
| 0:14 | Create | Villager (Male) |
| 0:14 | Create | Villager (Male) |
| 0:14 | Create | Villager (Male) |
| 1:38 | Create | Villager (Male) |
| 2:05 | Create | Villager (Male) |
| 2:55 | Build | Lumber Camp |
| 2:57 | Create | Villager (Male) |
| 2:57 | Create | Villager (Male) |
| 3:55 | Create | Villager (Male) |
| 3:56 | Create | Villager (Male) |
| 3:56 | Create | Villager (Male) |
| 3:56 | Create | Villager (Male) |
| 4:19 | Build | House |
| 4:20 | Build | House |
| 5:25 | Create | Villager (Male) |
| 5:41 | Create | Villager (Male) |
| 5:41 | Create | Villager (Male) |
| 6:38 | Create | Villager (Male) |
| 6:56 | Build | Mining Camp |
| 6:59 | Create | Villager (Male) |
| 7:20 | Build | Mill |
| 7:22 | Create | Villager (Male) |
| 7:22 | Create | Villager (Male) |
| 7:46 | Research | Loom |
| 9:20 | Research | Feudal Age |
| 10:44 | Build | Barracks |
| 10:47 | Build | Palisade Gate |
| 10:49 | Build | House |
| 10:51 | Build | House |
| 10:55 | Build | Palisade Wall |
| 11:30 | Age | Feudal Age |
| 11:34 | Build | Market |
| 11:37 | Build | Blacksmith |
| 11:47 | Research | Wheelbarrow |
| 11:49 | Research | Double-Bit Axe |
| 12:14 | Create | Villager (Male) |
| 12:14 | Create | Villager (Male) |
| 12:49 | Build | Stable |
| 12:52 | Build | Palisade Wall |
| 13:11 | Create | Villager (Male) |
| 13:12 | Create | Villager (Male) |
| 14:40 | Create | Villager (Male) |
| 14:59 | Build | Farm |
| 15:00 | Build | Farm |
| 15:01 | Build | Farm |
| 15:10 | Create | Villager (Male) |
| 15:52 | Research | Town Watch |
| 17:09 | Research | Castle Age |
| 17:25 | Build | Farm |
| 17:26 | Build | Farm |
| 17:27 | Build | Farm |
| 17:28 | Build | Farm |
| 17:30 | Build | Farm |
| 17:31 | Build | Farm |
| 17:32 | Build | Farm |
| 17:34 | Build | Farm |
| 18:31 | Research | Horse Collar |
| 18:53 | Build | Mining Camp |
| 19:02 | Research | Stone Mining |
| 19:03 | Research | Gold Mining |
| 19:28 | Build | Palisade Gate |
| 19:30 | Build | House |
| 19:33 | Build | Palisade Wall |
| 19:37 | Build | House |
| 19:49 | Age | Castle Age |
| 19:55 | Build | Town Center |
| 20:15 | Create | Villager (Male) |
| 20:16 | Create | Villager (Male) |
| 20:21 | Create | Villager (Male) |
| 21:10 | Create | Villager (Male) |
| 21:11 | Create | Villager (Male) |
| 21:12 | Create | Villager (Male) |
| 21:15 | Create | Villager (Male) |
| 21:15 | Create | Villager (Male) |
| 21:15 | Create | Villager (Male) |
| 21:16 | Create | Villager (Male) |
| 21:28 | Build | Town Center |
| 21:46 | Build | House |
| 21:47 | Build | House |
| 21:58 | Build | Lumber Camp |
| 22:16 | Create | Villager (Male) |
| 22:17 | Create | Villager (Male) |
| 22:20 | Create | Villager (Male) |
| 22:20 | Create | Villager (Male) |
| 22:52 | Build | House |
| 23:09 | Create | Villager (Male) |
| 23:10 | Create | Villager (Male) |
| 23:10 | Create | Villager (Male) |
| 23:12 | Create | Villager (Male) |
| 23:13 | Create | Villager (Male) |
| 23:14 | Create | Villager (Male) |
| 23:14 | Create | Villager (Male) |
| 23:43 | Research | Hand Cart |
| 23:54 | Build | Farm |
| 23:55 | Build | Farm |
| 23:56 | Build | Farm |
| 23:57 | Build | Farm |
| 23:58 | Build | Farm |
| 24:05 | Create | Villager (Male) |
| 24:07 | Create | Villager (Male) |
| 24:13 | Create | Villager (Male) |
| 24:29 | Build | House |
| 24:31 | Build | House |
| 24:34 | Build | House |
| 24:35 | Build | House |
| 24:36 | Build | House |
| 25:04 | Create | Villager (Male) |
| 25:04 | Create | Villager (Male) |
| 25:05 | Create | Villager (Male) |
| 25:06 | Create | Villager (Male) |
| 25:11 | Build | Farm |
| 25:58 | Research | Heavy Plow |
| 26:10 | Build | Farm |
| 26:15 | Build | Farm |
| 26:22 | Build | Farm |
| 26:24 | Build | Farm |
| 26:25 | Build | Farm |
| 26:34 | Build | Farm |
| 26:37 | Build | Farm |
| 26:38 | Build | Farm |
| 27:12 | Build | House |
| 27:13 | Build | House |
| 27:15 | Build | House |
| 27:39 | Create | Scout Cavalry |
| 28:29 | Create | Villager (Male) |
| 28:29 | Create | Villager (Male) |
| 28:30 | Create | Villager (Male) |
| 28:30 | Create | Villager (Male) |
| 28:31 | Create | Villager (Male) |
| 28:32 | Create | Villager (Male) |
| 28:56 | Build | Castle |
| 29:03 | Build | House |
| 29:04 | Build | House |
| 29:05 | Build | House |
| 29:07 | Create | Villager (Male) |
| 29:09 | Create | Villager (Male) |
| 29:10 | Create | Villager (Male) |
| 29:34 | Build | Farm |
| 29:36 | Build | Farm |
| 29:38 | Build | Farm |
| 29:39 | Build | Farm |
| 29:40 | Build | Farm |
| 29:42 | Build | Farm |
| 29:45 | Create | Villager (Male) |
| 29:46 | Create | Villager (Male) |
| 29:46 | Create | Villager (Male) |
| 29:47 | Create | Villager (Male) |
Build order — UMADBRO?
First 150 of 382 actions detected
| 0:07 | Build | House |
| 0:08 | Build | House |
| 0:10 | Create | Villager (Male) ×4 |
| 1:35 | Create | Villager (Male) |
| 2:21 | Create | Villager (Male) |
| 2:21 | Create | Villager (Male) |
| 3:01 | Create | Villager (Male) |
| 3:06 | Build | Lumber Camp |
| 3:36 | Build | House |
| 3:37 | Build | House |
| 4:07 | Create | Villager (Male) ×3 |
| 4:27 | Create | Villager (Male) |
| 4:27 | Create | Villager (Male) |
| 5:17 | Create | Villager (Male) |
| 6:54 | Create | Villager (Male) |
| 6:54 | Create | Villager (Male) |
| 6:55 | Create | Villager (Male) |
| 6:55 | Create | Villager (Male) |
| 6:59 | Create | Villager (Male) |
| 9:10 | Create | Villager (Male) |
| 9:11 | Create | Villager (Male) |
| 10:07 | Build | Mill |
| 10:16 | Create | Villager (Male) |
| 10:16 | Create | Villager (Male) |
| 10:53 | Research | Feudal Age |
| 12:11 | Build | Farm |
| 12:12 | Build | Farm |
| 12:40 | Build | Mining Camp |
| 13:00 | Create | Villager (Male) ×5 |
| 13:00 | Create | Villager (Male) ×5 |
| 13:16 | Age | Feudal Age |
| 13:23 | Build | Farm |
| 13:23 | Build | Farm |
| 13:29 | Research | Double-Bit Axe |
| 13:51 | Build | House |
| 13:52 | Build | House |
| 13:55 | Build | House |
| 13:56 | Build | House |
| 13:58 | Build | House |
| 14:13 | Build | Farm |
| 14:13 | Build | Farm |
| 14:14 | Build | Farm |
| 14:15 | Build | Farm |
| 14:56 | Build | Market |
| 15:15 | Build | Blacksmith |
| 15:17 | Build | Farm |
| 15:22 | Research | Horse Collar |
| 15:45 | Build | Farm |
| 15:58 | Build | Gate |
| 16:06 | Build | Stone Wall |
| 16:09 | Build | Stone Wall |
| 16:23 | Create | Villager (Male) ×5 |
| 17:16 | Research | Castle Age |
| 17:18 | Create | Villager (Male) ×5 |
| 17:18 | Create | Villager (Male) ×5 |
| 17:41 | Build | Farm |
| 17:42 | Build | Farm |
| 17:58 | Build | Barracks |
| 18:55 | Build | Farm |
| 18:55 | Build | Farm |
| 18:56 | Build | Farm |
| 18:57 | Build | Farm |
| 19:16 | Create | Spearman |
| 19:17 | Create | Spearman |
| 19:56 | Age | Castle Age |
| 20:01 | Build | Town Center |
| 20:20 | Research | Heavy Plow |
| 20:36 | Research | Bow Saw |
| 21:23 | Build | Lumber Camp |
| 22:12 | Create | Villager (Male) ×5 |
| 22:13 | Create | Villager (Male) ×5 |
| 22:13 | Create | Villager (Male) ×5 |
| 22:13 | Create | Villager (Male) ×5 |
| 22:25 | Create | Villager (Male) ×5 |
| 22:38 | Build | Monastery |
| 23:05 | Build | Town Center |
| 23:27 | Build | Farm |
| 23:32 | Build | Farm |
| 23:33 | Create | Monk |
| 23:49 | Build | Farm |
| 24:14 | Build | Farm |
| 24:31 | Create | Monk |
| 24:46 | Build | Town Center |
| 25:01 | Build | House |
| 25:02 | Build | House |
| 25:04 | Build | House |
| 25:05 | Build | House |
| 25:06 | Build | House |
| 25:07 | Build | House |
| 25:12 | Build | House |
| 25:16 | Build | Farm |
| 26:00 | Research | Wheelbarrow |
| 26:01 | Create | Villager (Male) ×5 |
| 26:01 | Create | Villager (Male) ×5 |
| 26:17 | Build | Farm |
| 26:29 | Create | Monk |
| 26:44 | Build | House |
| 26:45 | Build | House |
| 26:46 | Build | House |
| 26:47 | Build | House |
| 26:49 | Build | House |
| 26:50 | Build | House |
| 26:51 | Build | House |
| 26:53 | Build | House |
| 27:05 | Build | Mining Camp |
| 27:10 | Create | Villager (Male) ×5 |
| 27:12 | Create | Villager (Male) ×5 |
| 27:16 | Build | Farm |
| 27:38 | Research | Hand Cart |
| 27:39 | Create | Villager (Male) ×5 |
| 27:58 | Build | Lumber Camp |
| 28:20 | Build | Farm |
| 28:55 | Research | Fletching |
| 28:59 | Research | Padded Archer Armor |
| 29:47 | Build | Castle |
| 29:52 | Create | Villager (Male) |
| 29:57 | Create | Villager (Male) |
| 29:59 | Create | Villager (Male) |
| 30:03 | Research | Bodkin Arrow |
| 30:11 | Build | University |
| 30:16 | Build | Farm |
| 30:30 | Build | House |
| 30:31 | Build | House |
| 30:32 | Build | House |
| 30:37 | Build | House |
| 30:41 | Build | Farm |
| 31:02 | Create | Villager (Male) ×5 |
| 31:02 | Create | Villager (Male) ×5 |
| 31:25 | Research | Wagenburg Tactics |
| 31:38 | Build | Mill |
| 31:40 | Build | Farm |
| 31:40 | Build | Farm |
| 31:48 | Research | Imperial Age |
| 31:49 | Create | Villager (Male) |
| 32:02 | Build | Farm |
| 32:27 | Build | Market |
| 32:29 | Build | Market |
| 32:32 | Build | Market |
| 32:53 | Create | Villager (Male) ×5 |
| 33:03 | Create | Hussite Wagon ×4 |
| 33:04 | Create | Hussite Wagon ×4 |
| 33:35 | Create | Hussite Wagon ×2 |
| 34:02 | Research | Leather Archer Armor |
| 34:16 | Research | Treadmill Crane |
| 34:18 | Research | Ballistics |
| 34:20 | Research | Chemistry |
| 34:46 | Create | Villager (Male) |
| 34:46 | Create | Villager (Male) |
| 34:58 | Age | Imperial Age |
| 35:23 | Research | Conscription |
Build order — timon1989-89
First 150 of 348 actions detected
| 0:08 | Build | House |
| 0:13 | Build | House |
| 0:14 | Build | House |
| 0:19 | Create | Villager (Male) ×4 |
| 1:52 | Create | Villager (Male) |
| 2:12 | Create | Villager (Male) |
| 2:29 | Create | Villager (Male) |
| 2:46 | Research | Loom |
| 2:54 | Create | Villager (Male) |
| 3:45 | Create | Villager (Male) ×2 |
| 4:01 | Create | Villager (Male) |
| 4:08 | Create | Villager (Male) |
| 5:03 | Create | Villager (Male) |
| 5:05 | Create | Villager (Male) |
| 5:37 | Create | Villager (Male) |
| 5:52 | Build | Lumber Camp |
| 6:14 | Build | House |
| 6:32 | Create | Villager (Male) |
| 7:36 | Build | Mill |
| 7:55 | Build | House |
| 8:23 | Build | Mining Camp |
| 9:06 | Research | Feudal Age |
| 11:16 | Age | Feudal Age |
| 11:25 | Create | Villager (Male) ×5 |
| 11:42 | Build | Farm |
| 11:42 | Build | Farm |
| 11:44 | Build | Farm |
| 11:45 | Build | Farm |
| 11:47 | Build | Farm |
| 11:48 | Build | Farm |
| 11:49 | Build | Farm |
| 11:51 | Build | Farm |
| 11:58 | Research | Double-Bit Axe |
| 12:11 | Research | Horse Collar |
| 12:22 | Build | Farm |
| 13:26 | Build | Barracks |
| 13:35 | Build | Farm |
| 13:59 | Create | Villager (Male) |
| 14:40 | Build | Mining Camp |
| 15:01 | Build | Blacksmith |
| 16:02 | Build | Archery Range |
| 16:36 | Research | Castle Age |
| 16:53 | Build | Stone Wall |
| 17:01 | Research | Man-at-Arms (upgrade) |
| 17:07 | Research | Wheelbarrow |
| 17:18 | Research | Gold Mining |
| 17:19 | Research | Stone Mining |
| 18:02 | Create | Spearman |
| 19:16 | Age | Castle Age |
| 19:23 | Build | Town Center |
| 19:30 | Research | Bow Saw |
| 19:35 | Create | Villager (Male) ×5 |
| 19:56 | Research | Long Swordsman (upgrade) |
| 20:11 | Create | Villager (Male) ×4 |
| 20:28 | Research | Heavy Plow |
| 20:55 | Build | Market |
| 21:16 | Create | Villager (Male) ×5 |
| 21:31 | Create | Spearman |
| 21:51 | Build | Farm |
| 21:52 | Build | Farm |
| 21:56 | Research | Town Watch |
| 22:20 | Build | Stone Wall |
| 22:38 | Create | Villager (Male) ×5 |
| 22:58 | Build | Siege Workshop |
| 23:02 | Research | Squires |
| 23:20 | Build | Farm |
| 23:21 | Build | Farm |
| 23:34 | Build | Lumber Camp |
| 23:38 | Build | Farm |
| 23:58 | Build | House |
| 24:34 | Research | Hand Cart |
| 24:44 | Research | Stone Shaft Mining |
| 24:56 | Build | Stone Wall |
| 25:20 | Build | Farm |
| 25:31 | Build | Farm |
| 25:51 | Create | Villager (Male) ×5 |
| 26:13 | Build | Farm |
| 26:16 | Build | Farm |
| 26:50 | Build | Town Center |
| 27:26 | Create | Villager (Male) ×5 |
| 27:37 | Create | Villager (Male) ×5 |
| 28:08 | Create | Villager (Male) ×5 |
| 28:16 | Build | Farm |
| 28:17 | Build | Farm |
| 28:20 | Build | Farm |
| 28:21 | Build | Farm |
| 28:34 | Build | Farm |
| 28:35 | Build | Farm |
| 28:48 | Build | Farm |
| 28:49 | Build | Farm |
| 29:02 | Build | Lumber Camp |
| 29:29 | Build | Farm |
| 29:44 | Build | Mining Camp |
| 29:57 | Build | Monastery |
| 30:22 | Build | Farm |
| 30:41 | Build | University |
| 30:47 | Research | Imperial Age |
| 30:52 | Create | Scorpion ×4 |
| 31:16 | Build | House |
| 31:17 | Build | House |
| 31:18 | Build | House |
| 31:19 | Build | House |
| 31:35 | Create | Villager (Male) ×5 |
| 32:10 | Build | Castle |
| 32:29 | Research | Masonry |
| 32:29 | Research | Treadmill Crane |
| 32:32 | Research | Fortified Wall (upgrade) |
| 32:47 | Create | Trade Cart ×5 |
| 32:48 | Research | Caravan |
| 33:16 | Create | Villager (Male) ×5 |
| 33:29 | Create | Scorpion ×2 |
| 33:35 | Research | Forging |
| 33:36 | Research | Scale Mail Armor |
| 33:36 | Research | Scale Barding Armor |
| 33:38 | Research | Fletching |
| 33:39 | Research | Padded Archer Armor |
| 33:57 | Age | Imperial Age |
| 33:57 | Build | House |
| 34:00 | Build | House |
| 34:01 | Build | House |
| 34:16 | Create | Scorpion ×3 |
| 34:46 | Research | Crop Rotation |
| 34:50 | Research | Two-Man Saw |
| 34:56 | Research | Chemistry |
| 34:57 | Research | Architecture |
| 35:18 | Build | Barracks |
| 35:20 | Research | Conscription |
| 35:37 | Create | Villager (Male) ×5 |
| 35:46 | Create | Trade Cart ×3 |
| 36:00 | Build | Barracks |
| 36:03 | Create | Unit 882 ×5 |
| 36:18 | Research | Two-Handed Swordsman (upgrade) |
| 36:21 | Research | Pikeman (upgrade) |
| 36:48 | Build | Town Center |
| 37:14 | Build | Mining Camp |
| 37:29 | Create | Unit 882 ×5 |
| 37:32 | Research | Arson |
| 37:40 | Build | Barracks |
| 38:07 | Create | Unit 882 ×5 |
| 38:22 | Build | Siege Workshop |
| 38:27 | Research | Tech 902 |
| 38:29 | Create | Genoese Crossbowman ×2 |
| 38:36 | Create | Unit 882 ×4 |
| 38:54 | Build | Siege Workshop |
| 38:56 | Create | Bombard Cannon |
| 39:11 | Research | Heated Shot |
| 39:18 | Research | Leather Archer Armor |
| 39:31 | Create | Villager (Male) ×3 |
| 40:01 | Create | Unit 882 ×5 |
| 40:21 | Create | Unit 882 ×4 |
Build order — eaJ
First 150 of 649 actions detected
| 0:04 | Create | Villager (Male) ×4 |
| 0:04 | Create | Villager (Male) ×4 |
| 0:06 | Build | House |
| 0:07 | Build | House |
| 1:27 | Create | Villager (Male) |
| 1:27 | Create | Villager (Male) |
| 1:27 | Create | Villager (Male) |
| 1:27 | Create | Villager (Male) |
| 1:52 | Build | Lumber Camp |
| 2:00 | Create | Villager (Male) |
| 2:26 | Create | Villager (Male) |
| 2:27 | Create | Villager (Male) |
| 2:27 | Create | Villager (Male) |
| 2:51 | Build | House |
| 3:01 | Create | Villager (Male) |
| 3:01 | Create | Villager (Male) |
| 3:01 | Create | Villager (Male) |
| 3:44 | Create | Villager (Male) |
| 4:00 | Create | Villager (Male) |
| 4:36 | Create | Villager (Male) |
| 4:36 | Create | Villager (Male) |
| 4:36 | Create | Villager (Male) |
| 5:16 | Create | Villager (Male) |
| 5:16 | Create | Villager (Male) |
| 5:54 | Create | Villager (Male) |
| 5:58 | Build | Lumber Camp |
| 6:06 | Build | House |
| 6:09 | Create | Villager (Male) |
| 6:31 | Create | Villager (Male) |
| 6:50 | Create | Villager (Male) |
| 6:56 | Build | Mill |
| 7:15 | Build | Mining Camp |
| 7:18 | Create | Villager (Male) |
| 7:39 | Create | Villager (Male) |
| 7:57 | Build | House |
| 8:23 | Create | Villager (Male) |
| 8:34 | Create | Villager (Male) |
| 8:58 | Create | Villager (Male) |
| 9:21 | Create | Villager (Male) |
| 9:45 | Create | Villager (Male) |
| 9:54 | Research | Feudal Age |
| 9:59 | Research | Loom |
| 10:02 | Research | Feudal Age |
| 10:12 | Build | Mining Camp |
| 11:08 | Create | Villager (Male) |
| 11:08 | Create | Villager (Male) |
| 11:35 | Build | House |
| 13:06 | Age | Feudal Age |
| 13:13 | Build | Market |
| 13:20 | Build | Blacksmith |
| 13:41 | Build | Stone Wall |
| 13:46 | Build | Gate |
| 13:49 | Create | Villager (Male) |
| 14:01 | Build | Stone Wall |
| 14:04 | Build | Gate |
| 14:18 | Research | Castle Age |
| 14:55 | Build | Mill |
| 14:57 | Build | Farm |
| 15:00 | Build | Farm |
| 15:06 | Create | Villager (Male) |
| 15:07 | Create | Villager (Male) |
| 15:18 | Build | House |
| 15:19 | Build | House |
| 15:21 | Build | House |
| 16:33 | Build | Stone Wall |
| 16:39 | Build | Gate |
| 16:42 | Create | Villager (Male) |
| 16:46 | Build | House |
| 16:47 | Build | House |
| 16:48 | Build | House |
| 16:57 | Build | House |
| 16:59 | Build | House |
| 16:59 | Build | House |
| 17:00 | Build | House |
| 17:00 | Build | House |
| 17:00 | Build | House |
| 17:01 | Age | Castle Age |
| 17:01 | Build | House |
| 17:02 | Build | House |
| 17:12 | Build | Town Center |
| 17:24 | Build | Town Center |
| 17:39 | Create | Villager (Male) |
| 18:09 | Build | Town Center |
| 18:26 | Build | Stone Wall |
| 18:29 | Create | Villager (Male) |
| 18:39 | Build | University |
| 18:43 | Create | Villager (Male) |
| 18:44 | Create | Villager (Male) |
| 18:50 | Build | Farm |
| 18:50 | Build | Farm |
| 18:51 | Build | Farm |
| 18:54 | Build | Farm |
| 18:55 | Build | Farm |
| 18:58 | Build | Farm |
| 19:01 | Research | Double-Bit Axe |
| 19:30 | Build | Monastery |
| 19:42 | Create | Villager (Male) |
| 19:43 | Create | Villager (Male) |
| 19:46 | Create | Villager (Male) |
| 19:46 | Create | Villager (Male) |
| 19:56 | Build | House |
| 19:56 | Build | House |
| 19:57 | Build | House |
| 19:57 | Build | House |
| 20:03 | Build | House |
| 20:04 | Build | House |
| 20:06 | Build | House |
| 20:06 | Build | House |
| 20:07 | Build | House |
| 20:07 | Build | House |
| 20:07 | Build | House |
| 20:08 | Build | House |
| 20:09 | Build | House |
| 20:12 | Build | House |
| 20:24 | Create | Villager (Male) |
| 20:25 | Create | Villager (Male) |
| 20:26 | Create | Villager (Male) |
| 20:26 | Create | Villager (Male) |
| 20:36 | Create | Villager (Male) |
| 20:36 | Create | Villager (Male) |
| 20:38 | Create | Monk |
| 20:39 | Create | Monk |
| 20:53 | Research | Horse Collar |
| 20:59 | Create | Villager (Male) |
| 21:04 | Create | Villager (Male) |
| 21:06 | Create | Villager (Male) |
| 21:14 | Build | Mill |
| 21:15 | Build | Farm |
| 21:15 | Build | Farm |
| 21:17 | Build | Farm |
| 21:25 | Create | Villager (Male) |
| 21:26 | Create | Villager (Male) |
| 21:33 | Build | Farm |
| 21:35 | Build | Farm |
| 21:37 | Build | Farm |
| 21:40 | Build | Farm |
| 22:15 | Build | Stone Wall |
| 22:20 | Create | Villager (Male) |
| 22:20 | Create | Villager (Male) |
| 22:22 | Create | Villager (Male) |
| 22:23 | Create | Villager (Male) |
| 22:23 | Create | Villager (Male) |
| 22:24 | Create | Villager (Male) |
| 22:31 | Build | Farm |
| 22:33 | Build | Farm |
| 22:38 | Build | Farm |
| 22:41 | Build | Farm |
| 22:46 | Build | Farm |
| 22:54 | Build | Mill |
| 23:02 | Create | Villager (Male) |
Match timeline
| 9:59 | TurkishKarpet · age_up feudal |
| 10:44 | siarrez · first_building Barracks |
| 10:55 | siarrez · wall_segment Palisade Wall x1 |
| 11:16 | timon1989-89 · age_up feudal |
| 11:30 | siarrez · age_up feudal |
| 11:47 | Adorable Healer · first_building Barracks |
| 12:10 | Pu_Wexa · age_up feudal |
| 12:17 | jstep · age_up feudal |
| 12:49 | siarrez · first_building Stable |
| 12:52 | siarrez · wall_segment Palisade Wall x1 |
| 12:59 | Adorable Healer · age_up feudal |
| 13:06 | eaJ · age_up feudal |
| 13:14 | Adorable Healer · wall_segment Stone Wall x1 |
| 13:16 | UMADBRO? · age_up feudal |
| 13:26 | timon1989-89 · first_building Barracks |
| 13:41 | eaJ · wall_segment Stone Wall x25 |
| 13:44 | Adorable Healer · wall_segment Stone Wall x19 |
| 13:48 | Adorable Healer · wall_segment Stone Wall x13 |
| 14:01 | eaJ · wall_segment Stone Wall x15 |
| 14:19 | Pu_Wexa · wall_segment Stone Wall x5 |
| 14:43 | Pu_Wexa · wall_segment Stone Wall x61 |
| 15:37 | Pu_Wexa · wall_segment Stone Wall x1 |
| 16:02 | timon1989-89 · first_building Archery Range |
| 16:06 | UMADBRO? · wall_segment Stone Wall x6 |
| 16:09 | UMADBRO? · wall_segment Stone Wall x4 |
| 16:33 | eaJ · wall_segment Stone Wall x6 |
| 16:34 | TurkishKarpet · age_up castle |
| 16:52 | TurkishKarpet · first_market_buy 100 wood |
| 16:53 | timon1989-89 · wall_segment Stone Wall x18 |
| 17:01 | eaJ · age_up castle |
| 17:04 | UMADBRO? · first_market_sell 100 wood |
| 17:09 | jstep · age_up castle |
| 17:32 | jstep · first_market_sell 100 food |
| 17:34 | jstep · first_market_buy 100 wood |
| 17:58 | UMADBRO? · first_building Barracks |
| 18:26 | eaJ · wall_segment Stone Wall x15 |
| 19:16 | timon1989-89 · age_up castle |
| 19:23 | Adorable Healer · first_market_buy 100 food |
| 19:30 | eaJ · first_building Monastery |
| 19:33 | siarrez · wall_segment Palisade Wall x1 |
| 19:49 | siarrez · age_up castle |
| 19:56 | UMADBRO? · age_up castle |
| 20:23 | UMADBRO? · first_market_buy 100 food |
| 20:28 | TurkishKarpet · first_building Monastery |
| 20:48 | eaJ · first_market_sell 100 wood |
| 20:51 | eaJ · first_market_buy 100 food |
| 20:54 | Pu_Wexa · first_building Barracks |
| 21:02 | jstep · first_building Barracks |
| 22:06 | Adorable Healer · age_up castle |
| 22:15 | eaJ · wall_segment Stone Wall x2 |
| 22:16 | Adorable Healer · first_building Castle |
| 22:20 | timon1989-89 · wall_segment Stone Wall x27 |
| 22:38 | UMADBRO? · first_building Monastery |
| 22:58 | timon1989-89 · first_building Siege Workshop |
| 23:12 | Pu_Wexa · first_building Stable |
| 24:15 | eaJ · wall_segment Stone Wall x15 |
| 24:15 | jstep · first_building Monastery |
| 24:40 | TurkishKarpet · wall_segment Stone Wall x5 |
| 24:46 | TurkishKarpet · wall_segment Stone Wall x13 |
| 24:56 | timon1989-89 · wall_segment Stone Wall x9 |
| 25:04 | Pu_Wexa · age_up castle |
| 25:18 | jstep · first_building Castle |
| 27:47 | eaJ · wall_segment Stone Wall x7 |
| 28:03 | eaJ · wall_segment Stone Wall x18 |
| 28:21 | eaJ · first_building Castle |
| 28:56 | siarrez · first_building Castle |
| 29:02 | TurkishKarpet · first_building Castle |
| 29:23 | Pu_Wexa · first_building Castle |
| 29:36 | eaJ · wall_segment Stone Wall x16 |
| 29:41 | TurkishKarpet · wall_segment Stone Wall x2 |
| 29:44 | TurkishKarpet · wall_segment Stone Wall x17 |
| 29:47 | UMADBRO? · first_building Castle |
| 29:57 | timon1989-89 · first_building Monastery |
| 30:45 | eaJ · age_up imperial |
| 31:07 | eaJ · first_building Barracks |
| 31:30 | siarrez · first_building Siege Workshop |
| 32:03 | TurkishKarpet · wall_segment Stone Wall x2 |
| 32:05 | TurkishKarpet · wall_segment Stone Wall x1 |
| 32:10 | timon1989-89 · first_building Castle |
| 33:23 | jstep · age_up imperial |
| 33:57 | timon1989-89 · age_up imperial |
| 34:06 | TurkishKarpet · age_up imperial |
| 34:58 | UMADBRO? · age_up imperial |
| 35:07 | siarrez · age_up imperial |
| 35:23 | jstep · first_building Siege Workshop |
| 37:09 | TurkishKarpet · first_building Barracks |
| 38:15 | Adorable Healer · age_up imperial |
| 38:37 | TurkishKarpet · first_building Stable |
| 38:38 | Pu_Wexa · age_up imperial |
| 40:25 | eaJ · tribute_sent a jugador 1 |
| 40:25 | eaJ · tribute_sent a jugador 2 |
| 40:25 | eaJ · tribute_sent a jugador 3 |
| 40:25 | eaJ · tribute_sent a jugador 4 |
| 40:25 | eaJ · tribute_sent a jugador 5 |
| 40:25 | eaJ · tribute_sent a jugador 6 |
| 40:25 | eaJ · tribute_sent a jugador 8 |
| 40:38 | timon1989-89 · first_building Stable |
| 44:01 | Adorable Healer · first_market_sell 500 food |
| 44:52 | eaJ · tribute_sent a jugador 1 |
| 44:52 | eaJ · tribute_sent a jugador 2 |
| 44:52 | eaJ · tribute_sent a jugador 3 |
| 44:52 | eaJ · tribute_sent a jugador 4 |
| 44:52 | eaJ · tribute_sent a jugador 5 |
| 44:52 | eaJ · tribute_sent a jugador 6 |
| 44:52 | eaJ · tribute_sent a jugador 8 |
| 46:03 | TurkishKarpet · wall_segment Stone Wall x9 |
| 46:08 | TurkishKarpet · wall_segment Stone Wall x7 |
| 46:52 | eaJ · tribute_sent a jugador 1 |
| 46:52 | eaJ · tribute_sent a jugador 2 |
| 46:52 | eaJ · tribute_sent a jugador 3 |
| 46:52 | eaJ · tribute_sent a jugador 4 |
| 46:52 | eaJ · tribute_sent a jugador 5 |
| 46:52 | eaJ · tribute_sent a jugador 6 |
| 46:52 | eaJ · tribute_sent a jugador 8 |
| 48:13 | siarrez · first_market_buy 100 stone |
| 49:12 | eaJ · tribute_sent a jugador 1 |
| 49:12 | eaJ · tribute_sent a jugador 2 |
| 49:12 | eaJ · tribute_sent a jugador 3 |
| 49:12 | eaJ · tribute_sent a jugador 4 |
| 49:12 | eaJ · tribute_sent a jugador 5 |
| 49:12 | eaJ · tribute_sent a jugador 6 |
| 49:12 | eaJ · tribute_sent a jugador 8 |
| 49:21 | eaJ · tribute_sent a jugador 1 |
| 49:21 | eaJ · tribute_sent a jugador 2 |
| 49:21 | eaJ · tribute_sent a jugador 3 |
| 49:21 | eaJ · tribute_sent a jugador 4 |
| 49:21 | eaJ · tribute_sent a jugador 5 |
| 49:21 | eaJ · tribute_sent a jugador 6 |
| 49:21 | eaJ · tribute_sent a jugador 8 |
| 51:48 | Pu_Wexa · wall_segment Stone Wall x30 |
| 53:31 | Pu_Wexa · wall_segment Stone Wall x19 |
| 53:49 | eaJ · tribute_sent a jugador 1 |
| 53:49 | eaJ · tribute_sent a jugador 2 |
| 53:49 | eaJ · tribute_sent a jugador 3 |
| 53:49 | eaJ · tribute_sent a jugador 4 |
| 53:49 | eaJ · tribute_sent a jugador 5 |
| 53:49 | eaJ · tribute_sent a jugador 6 |
| 53:49 | eaJ · tribute_sent a jugador 8 |
| 54:01 | Pu_Wexa · first_market_buy 100 stone |
| 54:13 | Pu_Wexa · first_market_sell 100 wood |
| 57:24 | Pu_Wexa · wall_segment Stone Wall x6 |
| 60:31 | eaJ · wall_segment Stone Wall x1 |
| 60:38 | eaJ · wall_segment Stone Wall x1 |
| 60:41 | eaJ · wall_segment Stone Wall x1 |
| 60:49 | eaJ · wall_segment Stone Wall x1 |
| 60:53 | eaJ · wall_segment Stone Wall x1 |
| 61:01 | eaJ · wall_segment Stone Wall x6 |
| 66:55 | eaJ · wall_segment Stone Wall x1 |
| 67:15 | timon1989-89 · first_market_sell 500 wood |
| 68:21 | eaJ · wall_segment Stone Wall x1 |
| 69:11 | Adorable Healer · tribute_sent a jugador 1 |
| 69:11 | Adorable Healer · tribute_sent a jugador 2 |
| 69:11 | Adorable Healer · tribute_sent a jugador 4 |
| 69:11 | Adorable Healer · tribute_sent a jugador 5 |
| 69:11 | Adorable Healer · tribute_sent a jugador 6 |
| 69:11 | Adorable Healer · tribute_sent a jugador 7 |
| 69:11 | Adorable Healer · tribute_sent a jugador 8 |
| 69:24 | UMADBRO? · tribute_sent a jugador 1 |
| 69:24 | UMADBRO? · tribute_sent a jugador 2 |
| 69:24 | UMADBRO? · tribute_sent a jugador 3 |
| 69:24 | UMADBRO? · tribute_sent a jugador 4 |
| 69:24 | UMADBRO? · tribute_sent a jugador 6 |
| 69:24 | UMADBRO? · tribute_sent a jugador 7 |
| 69:24 | UMADBRO? · tribute_sent a jugador 8 |
| 72:52 | Pu_Wexa · first_building Monastery |
| 78:53 | eaJ · tribute_sent a jugador 1 |
| 78:53 | eaJ · tribute_sent a jugador 2 |
| 78:53 | eaJ · tribute_sent a jugador 3 |
| 78:53 | eaJ · tribute_sent a jugador 4 |
| 78:53 | eaJ · tribute_sent a jugador 5 |
| 78:53 | eaJ · tribute_sent a jugador 6 |
| 78:53 | eaJ · tribute_sent a jugador 8 |
| 83:14 | eaJ · tribute_sent a jugador 1 |
| 83:14 | eaJ · tribute_sent a jugador 2 |
| 83:14 | eaJ · tribute_sent a jugador 3 |
| 83:14 | eaJ · tribute_sent a jugador 4 |
| 83:14 | eaJ · tribute_sent a jugador 5 |
| 83:14 | eaJ · tribute_sent a jugador 6 |
| 83:14 | eaJ · tribute_sent a jugador 8 |
| 83:20 | timon1989-89 · tribute_sent a jugador 1 |
| 83:20 | timon1989-89 · tribute_sent a jugador 2 |
| 83:20 | timon1989-89 · tribute_sent a jugador 3 |
| 83:20 | timon1989-89 · tribute_sent a jugador 4 |
| 83:20 | timon1989-89 · tribute_sent a jugador 5 |
| 83:20 | timon1989-89 · tribute_sent a jugador 7 |
| 83:20 | timon1989-89 · tribute_sent a jugador 8 |
| 83:44 | jstep · tribute_sent a jugador 1 |
| 83:44 | jstep · tribute_sent a jugador 3 |
| 83:44 | jstep · tribute_sent a jugador 4 |
| 83:44 | jstep · tribute_sent a jugador 5 |
| 83:44 | jstep · tribute_sent a jugador 6 |
| 83:44 | jstep · tribute_sent a jugador 7 |
| 83:44 | jstep · tribute_sent a jugador 8 |
| 88:21 | Pu_Wexa · resign |
[ AI ANALYSIS · 1 CREDIT ]
What really happened in this match?
Wolo.gg analyzes every decision: build order, eco, micro, common mistakes by bracket. Personalized analysis on WhatsApp or Discord in 30 seconds.
Civ guide
Poles
Map guide
Lombardia
Perfil
Jugador #25428003